Login

Columbus Blue Jackets vs Tampa Bay Lightning

Created - 13 April 2024 at 23:23

Goals
1 2 3 OT1 T
Columbus Blue Jackets 1 2 1 1 5
Tampa Bay Lightning 2 1 1 0 4
Shots
1 2 3 OT1 T
Columbus Blue Jackets 9 8 9 4 30
Tampa Bay Lightning 6 15 5 0 26

GoalsPenalties
1st period
1. Columbus Blue Jackets , Patrik Laine 8 (Jack Roslovic 2) at 10:53
2. Tampa Bay Lightning , Nikita Kucherov 9 (Steven Stamkos 13, Brandon Hagel 6) at 11:41
3. Tampa Bay Lightning , Nikita Kucherov 10 (Steven Stamkos 14, Calvin De-Haan 1) at 12:58
Mikhail Sergachev (TBL) for High sticking (Minor) at 7:50
2nd period
4. Columbus Blue Jackets , Nico Hischier 12 (Johnny Gaudreau 14, Vitek Vanecek) at 8:00 (PP)
5. Tampa Bay Lightning , Tyler Motte 2 (Anthony Cirelli 3, Conor Sheary 6) at 11:22
6. Columbus Blue Jackets , Nico Hischier 13 (Johnny Gaudreau 15) at 11:32
Victor Hedman (TBL) for Cross-checking (Minor) at 7:48
Philippe Myers (TBL) for Delaying the game (Minor) at 12:38
Victor Hedman (TBL) for High sticking (Minor) at 18:02
3rd period
7. Tampa Bay Lightning , Conor Sheary 5 (Anthony Cirelli 4) at 10:12
8. Columbus Blue Jackets , Rasmus Andersson 1 (Jesper Bratt 12, Boone Jenner 7) at 13:17 (PP)
Tanner Jeannot (TBL) for High sticking (Minor) at 10:52
Steven Stamkos (TBL) for Tripping (Minor) at 12:07
Victor Hedman (TBL) for Holding (Minor) at 14:11
Rasmus Andersson (CBJ) for Hooking (Minor) at 17:31
Overtime #1
9. Columbus Blue Jackets , Johnny Gaudreau 5 (Nico Hischier 15, Rasmus Andersson 8) at 1:35
No Penalty
Goalie Stats
Vitek Vanecek (CBJ), 22 saves from 26 shots - (0.846), W, 7-6-2, 61:35 minutes
Andrei Vasilevskiy (TBL), 25 saves from 30 shots - (0.833), OTL, 8-4-3, 61:35 minutes
3 StarsOfficial
1 - Johnny Gaudreau (CBJ)
2 - Nico Hischier (CBJ)
3 - Conor Sheary (TBL)
Referees : Wes McCauley and Jon McIsaac
Linesman : Scott Cherrey and Steven Berry
Game Note
Nick Perbix is injured at 11:27 of 1st period (Left Hip)
Finance
Level 1 -- Attendance: 3809 (63.48%) -- Ticket Income $457,080
Level 2 -- Attendance: 3212 (64.24%) -- Ticket Income $224,840
Level 3 -- Attendance: 2000 (100.00%) -- Ticket Income $60,000
Level 4 -- Attendance: 4000 (100.00%) -- Ticket Income $80,000
Luxury Box -- Attendance: 601 (60.10%) -- Ticket Income $180,300
Game was played at the Amalie Arena.
Total Attendance: 13622 (75.68%)
Total Ticket Income: $1,002,220
Other Income: $491,088
Total Income: $1,493,308



Team Name Goals Shots Shots Attemp Shots Blocked PIM HIT PP PK FO%
Columbus Blue Jackets 5306092242 / 7 (29%)058%
Tampa Bay Lightning 426531014150 / 1 (0%)242%

Columbus Blue Jackets
Player Name POS G A P +/- PIM HIT SHT SB MP PP MP PP SHT PK MP PK SHT FO% FOT GA TA
Andrew PeekeD000-1020018:563:3401:0000% 000
Boone JennerC011-2022120:574:5410:24053% 1500
Brett RitchieRW000-2021020:144:5410:00050% 200
Cole SillingerC000000002:380:0000:0000% 000
David JiricekD000-1010012:320:0000:5900% 000
Emil BemstromRW000-1031122:185:3900:0000% 100
Eric RobinsonLW000000003:080:0000:0000% 000
Jack RoslovicC0111023112:170:0000:00060% 500
Jesper BrattLW011-2023121:164:5400:47050% 210
Johnny GaudreauLW1230045024:195:3921:0100% 110
Jonas SiegenthalerD0000003329:526:5911:2600% 000
Mikael PyyhtiaLW000000000:290:0000:0000% 000
Nick LeddyD000-1021118:353:3410:3300% 000
Nico HischierC2130004026:025:3921:01064% 3321
Patrik LaineLW1011024013:060:0000:4500% 001
Rasmus AnderssonD1121203130:006:5920:0000% 003
Sean KuralyC0001020014:230:0000:00067% 300
Zach WerenskiD000-1000011:430:0000:0000% 000
Tampa Bay Lightning
Player Name POS G A P +/- PIM HIT SHT SB MP PP MP PP SHT PK MP PK SHT FO% FOT GA TA
Anthony CirelliC0222004013:440:0000:23029% 700
Austin WatsonLW000000002:030:0000:0000% 000
Brandon HagelLW0110013021:140:5903:2200% 120
Brayden PointC0000001118:531:0002:42013% 800
Calvin De-HaanD0113000021:240:0806:0800% 000
Conor ShearyLW1122014013:120:0000:0000% 000
Erik CernakD0000021120:150:4304:3600% 001
Luke GlendeningC000000000:570:0000:0000% 000
Michael EyssimontC000001004:460:0001:2800% 100
Mikhail SergachevD000-2212328:221:1604:4300% 010
Nicholas PaulLW0000021015:511:0000:0000% 100
Nick PerbixD000000013:480:0000:2200% 000
Nikita KucherovRW202-1013025:240:5906:15050% 220
Philippe MyersD0003212017:000:3501:0300% 001
Steven StamkosC022-1214026:540:5905:59059% 3700
Tanner JeannotLW0000220117:481:0000:1200% 000
Tyler MotteC1012001114:460:0000:0000% 500
Victor HedmanD000-1620227:001:1604:1400% 002

Columbus Blue Jackets

5 vs 5 Forward
Line #Left WingCenterRight WingPHYDFOFWanted %Time %Time Play
1Johnny GaudreauNico HischierEmil Bemstrom1224035%16:43
2Jesper BrattBoone JennerBrett Ritchie1223032%15:20
3Patrik LaineJack RoslovicSean Kuraly1222026%12:17
4Eric RobinsonSean KuralyNico Hischier122107%3:08
5 vs 5 Defense
Line #DefenseDefensePHYDFOFWanted %Time %Time Play
1Rasmus AnderssonJonas Siegenthaler1224039%18:31
2Andrew PeekeNick Leddy1223030%14:28
3Zach WerenskiDavid Jiricek1222024%11:33
4Rasmus AnderssonJonas Siegenthaler122106%2:56
Power Play Forward
Line #Left WingCenterRight WingPHYDFOFWanted %Time %Time Play
1Johnny GaudreauNico HischierEmil Bemstrom1226054%5:39
2Jesper BrattBoone JennerBrett Ritchie1224046%4:54
Power Play Defense
Line #DefenseDefensePHYDFOFWanted %Time %Time Play
1Rasmus AnderssonJonas Siegenthaler1226066%6:59
2Andrew PeekeNick Leddy1224034%3:34
Penalty Kill 4 Players Forward
Line #CenterWingPHYDFOFWanted %Time %Time Play
1Nico HischierJohnny Gaudreau1226092%1:49
2Jesper BrattBoone Jenner122408%0:10
Penalty Kill 4 Players Defense
Line #DefenseDefensePHYDFOFWanted %Time %Time Play
1Rasmus AnderssonJonas Siegenthaler1226072%1:26
2Andrew PeekeNick Leddy1224028%0:33
Penalty Kill 3 Players
Line #WingPHYDFOFWanted %Time %Time PlayDefenseDefensePHYDFOFWanted %Time %Time Play
1Nico Hischier122600%0:00 Rasmus AnderssonJonas Siegenthaler122600%0:00
2Johnny Gaudreau122400%0:00 Andrew PeekeNick Leddy122400%0:00
4 vs 4 Forward
Line #CenterWingPHYDFOFWanted %Time %Time Play
1Nico HischierJohnny Gaudreau122600%0:00
2Jesper BrattBoone Jenner122400%0:00
4 vs 4 Defense
Line #DefensePHYDFOFWanted %Time %Time Play
1Rasmus AnderssonJonas Siegenthaler122600%0:00
2Andrew PeekeNick Leddy122400%0:00
Last Minutes Offensive
Left WingCenterRight WingDefenseDefense
Johnny GaudreauNico HischierEmil BemstromRasmus AnderssonJonas Siegenthaler
Last Minutes Defensive
Left WingCenterRight WingDefenseDefense
Johnny GaudreauNico HischierEmil BemstromRasmus AnderssonJonas Siegenthaler
Time
Total ForwardTotal DefenseLast Minutes OffensiveLast Minutes Defensive
60:00 60:00 0:000:00
Extra Forwards
Normal PowerPlayPenalty Kill
Cole Sillinger, Mikael Pyyhtia, Patrik LaineCole Sillinger, Mikael PyyhtiaPatrik Laine
Extra Defensemen
Normal PowerPlayPenalty Kill
Zach Werenski, David Jiricek, Andrew PeekeZach Werenski, David JiricekAndrew Peeke
Penalty Shots
Nico Hischier, Johnny Gaudreau, Jesper Bratt, Boone Jenner, Patrik Laine
Goalie
Vitek Vanecek, Brian Elliott
Custom OT Lines Forwards
Nico Hischier, Johnny Gaudreau, Jesper Bratt, Boone Jenner, Patrik Laine, Jack Roslovic, Sean Kuraly, Eric Robinson, Emil Bemstrom, Cole Sillinger
Custom OT Lines Defensemen
Rasmus Andersson, Jonas Siegenthaler, Andrew Peeke, Nick Leddy, Zach Werenski
Scratches
Jake Bean (Healthy), Marcus Bjork (Healthy), Daniil Tarasov (Healthy)

Tampa Bay Lightning

5 vs 5 Forward
Line #Left WingCenterRight WingPHYDFOFWanted %Time %Time Play
1Brandon HagelSteven StamkosNikita Kucherov1224037%17:23
2Nicholas PaulBrayden PointTanner Jeannot1223031%14:51
3Conor ShearyAnthony CirelliTyler Motte1222028%13:12
4Tanner JeannotTyler MotteSteven Stamkos122104%2:02
5 vs 5 Defense
Line #DefenseDefensePHYDFOFWanted %Time %Time Play
1Mikhail SergachevVictor Hedman1224039%18:30
2Erik CernakNick Perbix1223041%19:17
3Philippe MyersCalvin De-Haan1222015%7:14
4Mikhail SergachevVictor Hedman122105%2:27
Power Play Forward
Line #Left WingCenterRight WingPHYDFOFWanted %Time %Time Play
1Brandon HagelSteven StamkosNikita Kucherov1226050%0:59
2Nicholas PaulBrayden PointTanner Jeannot1224050%1:00
Power Play Defense
Line #DefenseDefensePHYDFOFWanted %Time %Time Play
1Mikhail SergachevVictor Hedman1226064%1:16
2Erik CernakNick Perbix1224036%0:43
Penalty Kill 4 Players Forward
Line #CenterWingPHYDFOFWanted %Time %Time Play
1Steven StamkosNikita Kucherov1226072%7:07
2Brayden PointBrandon Hagel1224028%2:42
Penalty Kill 4 Players Defense
Line #DefenseDefensePHYDFOFWanted %Time %Time Play
1Mikhail SergachevVictor Hedman1226062%6:08
2Erik CernakNick Perbix1224038%3:41
Penalty Kill 3 Players
Line #WingPHYDFOFWanted %Time %Time PlayDefenseDefensePHYDFOFWanted %Time %Time Play
1Steven Stamkos12260100%0:44 Mikhail SergachevVictor Hedman1226027%0:12
2Nikita Kucherov122400%0:00 Erik CernakNick Perbix1224073%0:32
4 vs 4 Forward
Line #CenterWingPHYDFOFWanted %Time %Time Play
1Steven StamkosNikita Kucherov122600%0:00
2Brayden PointBrandon Hagel122400%0:00
4 vs 4 Defense
Line #DefensePHYDFOFWanted %Time %Time Play
1Mikhail SergachevVictor Hedman122600%0:00
2Erik CernakNick Perbix122400%0:00
Last Minutes Offensive
Left WingCenterRight WingDefenseDefense
Brandon HagelSteven StamkosNikita KucherovMikhail SergachevVictor Hedman
Last Minutes Defensive
Left WingCenterRight WingDefenseDefense
Brandon HagelSteven StamkosNikita KucherovMikhail SergachevVictor Hedman
Time
Total ForwardTotal DefenseLast Minutes OffensiveLast Minutes Defensive
60:00 60:00 0:000:00
Extra Forwards
Normal PowerPlayPenalty Kill
Austin Watson, Luke Glendening, Michael EyssimontAustin Watson, Luke GlendeningMichael Eyssimont
Extra Defensemen
Normal PowerPlayPenalty Kill
Philippe Myers, Calvin De-Haan, Erik CernakPhilippe Myers, Calvin De-HaanErik Cernak
Penalty Shots
Steven Stamkos, Nikita Kucherov, Brayden Point, Brandon Hagel, Nicholas Paul
Goalie
Andrei Vasilevskiy, Jonas Johansson
Custom OT Lines Forwards
Steven Stamkos, Nikita Kucherov, Brayden Point, Brandon Hagel, Nicholas Paul, Conor Sheary, Anthony Cirelli, Tanner Jeannot, Tyler Motte, Austin Watson
Custom OT Lines Defensemen
Mikhail Sergachev, Victor Hedman, Erik Cernak, Nick Perbix, Philippe Myers
Scratches
Haydn Fleury (Healthy), Darren Raddysh (Healthy)


Play-by-Play

1st period


0:01 of 1st period - Steven Stamkos wins face-off versus Nico Hischier in neutral zone.
0:35 of 1st period - Snap shot by Boone Jenner.
0:35 of 1st period - Shot Blocked by Mikhail Sergachev.
0:37 of 1st period - Slapshot by Jonas Siegenthaler.
0:37 of 1st period - Stopped by Andrei Vasilevskiy with a rebound.
0:39 of 1st period - Snap shot by Jonas Siegenthaler.
0:39 of 1st period - Stopped by Andrei Vasilevskiy with a rebound.
1:23 of 1st period - Nikita Kucherov is hit by Andrew Peeke and loses puck.
3:36 of 1st period - Brandon Hagel is hit by David Jiricek and loses puck.
5:00 of 1st period - Jonas Siegenthaler is hit by Brandon Hagel and loses puck.
5:17 of 1st period - Snap shot by Johnny Gaudreau.
5:17 of 1st period - Shot Blocked by Tanner Jeannot.
5:43 of 1st period - Tyler Motte is hit by Johnny Gaudreau and loses puck.
6:46 of 1st period - Emil Bemstrom is hit by Conor Sheary.
7:05 of 1st period - Icing by Steven Stamkos.
7:06 of 1st period - Steven Stamkos wins face-off versus Boone Jenner in Tampa Bay Lightning zone.
7:21 of 1st period - Brayden Point is hit by Patrik Laine and loses puck.
7:50 of 1st period - Minor Penalty to Mikhail Sergachev for High sticking.
7:51 of 1st period - Nico Hischier wins face-off versus Steven Stamkos in Tampa Bay Lightning zone.
7:54 of 1st period - Snap shot by Nico Hischier.
7:54 of 1st period - Deflect By Johnny Gaudreau.
7:54 of 1st period - Shot Misses the Net.
7:54 of 1st period - Puck is out of play.
7:55 of 1st period - Steven Stamkos wins face-off versus Nico Hischier in Tampa Bay Lightning zone.
8:02 of 1st period - Snap shot by Nikita Kucherov.
8:02 of 1st period - Deflect By Steven Stamkos.
8:02 of 1st period - Shot Blocked by Jonas Siegenthaler.
8:02 of 1st period - Puck is out of play.
8:03 of 1st period - Steven Stamkos wins face-off versus Nico Hischier in Columbus Blue Jackets zone.
8:18 of 1st period - Snap shot by Nico Hischier.
8:18 of 1st period - Shot Misses the Net.
8:20 of 1st period - Snap shot by Johnny Gaudreau.
8:20 of 1st period - Stopped by Andrei Vasilevskiy without a rebound.
8:21 of 1st period - Steven Stamkos wins face-off versus Jesper Bratt in Tampa Bay Lightning zone.
8:34 of 1st period - Snap shot by Steven Stamkos.
8:34 of 1st period - Shot Blocked by Jonas Siegenthaler.
8:52 of 1st period - Wrist shot by Johnny Gaudreau.
8:52 of 1st period - Shot Misses the Net.
8:54 of 1st period - Slapshot by Nick Leddy.
8:54 of 1st period - Stopped by Andrei Vasilevskiy with a rebound.
8:56 of 1st period - Snap shot by Emil Bemstrom.
8:56 of 1st period - Shot Misses the Net.
8:58 of 1st period - Snap shot by Emil Bemstrom.
8:58 of 1st period - Shot Blocked by Brayden Point.
9:50 of 1st period - Penalty to Mikhail Sergachev is over, Mikhail Sergachev is back on ice.
9:54 of 1st period - Icing by Erik Cernak.
9:55 of 1st period - Jack Roslovic wins face-off versus Anthony Cirelli in Tampa Bay Lightning zone.
9:58 of 1st period - Snap shot by Patrik Laine.
9:58 of 1st period - Stopped by Andrei Vasilevskiy with a rebound.
10:00 of 1st period - Wrist shot by Patrik Laine.
10:00 of 1st period - Stopped by Andrei Vasilevskiy with a rebound.
10:04 of 1st period - Slapshot by Patrik Laine.
10:04 of 1st period - Deflect By Jack Roslovic.
10:04 of 1st period - Stopped by Andrei Vasilevskiy without a rebound.
10:05 of 1st period - Nico Hischier wins face-off versus Brayden Point in Tampa Bay Lightning zone.
10:41 of 1st period - Snap shot by Jesper Bratt.
10:41 of 1st period - Shot Misses the Net.
10:43 of 1st period - Slapshot by Jonas Siegenthaler.
10:43 of 1st period - Shot Misses the Net.
10:53 of 1st period - Snap shot by Patrik Laine.
10:53 of 1st period - Goal by Patrik Laine - Columbus Blue Jackets : 1 - Tampa Bay Lightning : 0.
10:54 of 1st period - Nico Hischier wins face-off versus Steven Stamkos in neutral zone.
11:20 of 1st period - Tanner Jeannot is hit by Brett Ritchie and loses puck.
11:25 of 1st period - Wrist shot by Boone Jenner.
11:25 of 1st period - Shot Misses the Net.
11:27 of 1st period - Wrist shot by Boone Jenner.
11:27 of 1st period - Deflect By Jesper Bratt.
11:27 of 1st period - Shot Blocked by Nick Perbix.
11:27 of 1st period - Nick Perbix from Tampa Bay Lightning is injured at 11:27 of 1st period (Left Hip).
11:28 of 1st period - Steven Stamkos wins face-off versus Nico Hischier in Tampa Bay Lightning zone.
11:41 of 1st period - Snap shot by Nikita Kucherov.
11:41 of 1st period - Goal by Nikita Kucherov - Columbus Blue Jackets : 1 - Tampa Bay Lightning : 1.
11:42 of 1st period - Nico Hischier wins face-off versus Steven Stamkos in neutral zone.
11:45 of 1st period - Slapshot by Johnny Gaudreau.
11:45 of 1st period - Deflect By Nico Hischier.
11:45 of 1st period - Shot Misses the Net.
11:45 of 1st period - Puck is out of play.
11:46 of 1st period - Steven Stamkos wins face-off versus Nico Hischier in Tampa Bay Lightning zone.
12:22 of 1st period - Backhand shot by Mikhail Sergachev.
12:22 of 1st period - Deflect By Brayden Point.
12:22 of 1st period - Shot Misses the Net.
12:22 of 1st period - Puck is out of play.
12:23 of 1st period - Steven Stamkos wins face-off versus Boone Jenner in Columbus Blue Jackets zone.
12:24 of 1st period - Snap shot by Nikita Kucherov.
12:24 of 1st period - Deflect By Brandon Hagel.
12:24 of 1st period - Shot Blocked by Boone Jenner.
12:24 of 1st period - Puck is out of play.
12:25 of 1st period - Steven Stamkos wins face-off versus Brett Ritchie in Columbus Blue Jackets zone.
12:26 of 1st period - Wrist shot by Nikita Kucherov.
12:26 of 1st period - Shot Misses the Net.
12:28 of 1st period - Wrist shot by Steven Stamkos.
12:28 of 1st period - Deflect By Brandon Hagel.
12:28 of 1st period - Stopped by Vitek Vanecek without a rebound.
12:29 of 1st period - Steven Stamkos wins face-off versus Boone Jenner in Columbus Blue Jackets zone.
12:58 of 1st period - Wrist shot by Steven Stamkos.
12:58 of 1st period - Deflect By Nikita Kucherov.
12:58 of 1st period - Goal by Nikita Kucherov - Columbus Blue Jackets : 1 - Tampa Bay Lightning : 2.
12:59 of 1st period - Nico Hischier wins face-off versus Tyler Motte in neutral zone.
13:14 of 1st period - Wrist shot by Johnny Gaudreau.
13:14 of 1st period - Stopped by Andrei Vasilevskiy without a rebound.
13:15 of 1st period - Sean Kuraly wins face-off versus Nikita Kucherov in Tampa Bay Lightning zone.
13:18 of 1st period - Slapshot by Rasmus Andersson.
13:18 of 1st period - Shot Blocked by Mikhail Sergachev.
13:28 of 1st period - Wrist shot by Nikita Kucherov.
13:28 of 1st period - Shot Misses the Net.
13:30 of 1st period - Slapshot by Mikhail Sergachev.
13:30 of 1st period - Stopped by Vitek Vanecek with a rebound.
13:32 of 1st period - Snap shot by Brandon Hagel.
13:32 of 1st period - Stopped by Vitek Vanecek with a rebound.
14:05 of 1st period - Slapshot by Mikhail Sergachev.
14:05 of 1st period - Deflect By Conor Sheary.
14:05 of 1st period - Stopped by Vitek Vanecek with a rebound.
14:23 of 1st period - Brandon Hagel is hit by Sean Kuraly and loses puck.
14:45 of 1st period - Slapshot by Boone Jenner.
14:45 of 1st period - Shot Misses the Net.
14:57 of 1st period - Nikita Kucherov is hit by Johnny Gaudreau.
15:43 of 1st period - Tyler Motte is hit by Jesper Bratt and loses puck.
17:48 of 1st period - Nick Leddy is hit by Michael Eyssimont and loses puck.
18:21 of 1st period - Michael Eyssimont is hit by Emil Bemstrom and loses puck.
18:53 of 1st period - Icing by Patrik Laine.
18:54 of 1st period - Jack Roslovic wins face-off versus Brayden Point in Columbus Blue Jackets zone.
19:43 of 1st period - Erik Cernak is hit by Brett Ritchie and loses puck.
19:51 of 1st period - Off-side.
19:52 of 1st period - Steven Stamkos wins face-off versus Jack Roslovic in neutral zone.
19:56 of 1st period - Icing by Patrik Laine.
19:57 of 1st period - Steven Stamkos wins face-off versus Jack Roslovic in Columbus Blue Jackets zone.
Goals for this period are 1 for Columbus Blue Jackets vs 2 for Tampa Bay Lightning.
Shots for this period are 9 for Columbus Blue Jackets vs 6 for Tampa Bay Lightning.

2nd period


0:01 of 2nd period - Nico Hischier wins face-off versus Tyler Motte in neutral zone.
0:11 of 2nd period - Snap shot by Johnny Gaudreau.
0:11 of 2nd period - Shot Misses the Net.
0:13 of 2nd period - Wrist shot by Emil Bemstrom.
0:13 of 2nd period - Shot Hit the Post.
0:15 of 2nd period - Snap shot by Emil Bemstrom.
0:15 of 2nd period - Stopped by Andrei Vasilevskiy without a rebound.
0:16 of 2nd period - Steven Stamkos wins face-off versus Sean Kuraly in Tampa Bay Lightning zone.
0:33 of 2nd period - Slapshot by Nikita Kucherov.
0:33 of 2nd period - Deflect By Steven Stamkos.
0:33 of 2nd period - Shot Misses the Net.
0:33 of 2nd period - Puck is out of play.
0:34 of 2nd period - Boone Jenner wins face-off versus Brayden Point in Columbus Blue Jackets zone.
0:43 of 2nd period - Snap shot by Brayden Point.
0:43 of 2nd period - Stopped by Vitek Vanecek with a rebound.
1:01 of 2nd period - Mikhail Sergachev is hit by Emil Bemstrom and loses puck.
1:10 of 2nd period - Wrist shot by Steven Stamkos.
1:10 of 2nd period - Stopped by Vitek Vanecek with a rebound.
1:12 of 2nd period - Wrist shot by Brandon Hagel.
1:12 of 2nd period - Stopped by Vitek Vanecek with a rebound.
1:28 of 2nd period - Wrist shot by Anthony Cirelli.
1:28 of 2nd period - Shot Misses the Net.
1:30 of 2nd period - Wrist shot by Conor Sheary.
1:30 of 2nd period - Shot Misses the Net.
1:32 of 2nd period - Slapshot by Erik Cernak.
1:32 of 2nd period - Stopped by Vitek Vanecek with a rebound.
1:42 of 2nd period - Jonas Siegenthaler is hit by Tanner Jeannot and loses puck.
2:00 of 2nd period - Off-side.
2:01 of 2nd period - Steven Stamkos wins face-off versus Nico Hischier in neutral zone.
2:04 of 2nd period - Snap shot by Steven Stamkos.
2:04 of 2nd period - Shot Misses the Net.
2:28 of 2nd period - Nick Leddy is hit by Nicholas Paul and loses puck.
2:41 of 2nd period - Nicholas Paul is hit by Sean Kuraly and loses puck.
4:06 of 2nd period - Johnny Gaudreau is hit by Erik Cernak and loses puck.
5:15 of 2nd period - Icing by Brandon Hagel.
5:16 of 2nd period - Boone Jenner wins face-off versus Steven Stamkos in Tampa Bay Lightning zone.
7:12 of 2nd period - Snap shot by Anthony Cirelli.
7:12 of 2nd period - Shot Misses the Net.
7:14 of 2nd period - Slapshot by Calvin De-Haan.
7:14 of 2nd period - Deflect By Brayden Point.
7:14 of 2nd period - Shot Blocked by Rasmus Andersson.
7:14 of 2nd period - Puck is out of play.
7:15 of 2nd period - Jack Roslovic wins face-off versus Brayden Point in Columbus Blue Jackets zone.
7:15 of 2nd period - Jack Roslovic is hit by Nicholas Paul.
7:32 of 2nd period - Snap shot by Nicholas Paul.
7:32 of 2nd period - Stopped by Vitek Vanecek with a rebound.
7:46 of 2nd period - Wrist shot by Jesper Bratt.
7:46 of 2nd period - Stopped by Andrei Vasilevskiy with a rebound.
7:48 of 2nd period - Minor Penalty to Victor Hedman for Cross-checking.
7:49 of 2nd period - Steven Stamkos wins face-off versus Emil Bemstrom in Tampa Bay Lightning zone.
8:00 of 2nd period - Wrist shot by Nico Hischier.
8:00 of 2nd period - Goal by Nico Hischier - Columbus Blue Jackets : 2 - Tampa Bay Lightning : 2.
8:01 of 2nd period - Nico Hischier wins face-off versus Tyler Motte in neutral zone.
8:48 of 2nd period - Slapshot by Rasmus Andersson.
8:48 of 2nd period - Shot Misses the Net.
9:06 of 2nd period - Snap shot by Conor Sheary.
9:06 of 2nd period - Shot Misses the Net.
9:08 of 2nd period - Wrist shot by Anthony Cirelli.
9:08 of 2nd period - Stopped by Vitek Vanecek with a rebound.
9:10 of 2nd period - Snap shot by Philippe Myers.
9:10 of 2nd period - Stopped by Vitek Vanecek without a rebound.
9:11 of 2nd period - Boone Jenner wins face-off versus Steven Stamkos in Columbus Blue Jackets zone.
9:16 of 2nd period - Steven Stamkos is hit by Jesper Bratt.
9:22 of 2nd period - Brandon Hagel is hit by Andrew Peeke.
9:38 of 2nd period - Steven Stamkos is hit by Nick Leddy and loses puck.
9:47 of 2nd period - Snap shot by Steven Stamkos.
9:47 of 2nd period - Shot Blocked by Nick Leddy.
9:49 of 2nd period - Snap shot by Steven Stamkos.
9:49 of 2nd period - Stopped by Vitek Vanecek without a rebound.
9:50 of 2nd period - Nico Hischier wins face-off versus Nicholas Paul in Columbus Blue Jackets zone.
10:03 of 2nd period - Zach Werenski is hit by Erik Cernak and loses puck.
10:18 of 2nd period - Snap shot by Conor Sheary.
10:18 of 2nd period - Deflect By Anthony Cirelli.
10:18 of 2nd period - Stopped by Vitek Vanecek without a rebound.
10:19 of 2nd period - Boone Jenner wins face-off versus Anthony Cirelli in Columbus Blue Jackets zone.
10:45 of 2nd period - Anthony Cirelli is hit by Patrik Laine and loses puck.
11:08 of 2nd period - Slapshot by Johnny Gaudreau.
11:08 of 2nd period - Shot Blocked by Tyler Motte.
11:20 of 2nd period - Snap shot by Anthony Cirelli.
11:20 of 2nd period - Stopped by Vitek Vanecek with a rebound.
11:22 of 2nd period - Snap shot by Tyler Motte.
11:22 of 2nd period - Goal by Tyler Motte - Columbus Blue Jackets : 2 - Tampa Bay Lightning : 3.
11:23 of 2nd period - Nico Hischier wins face-off versus Steven Stamkos in neutral zone.
11:32 of 2nd period - Snap shot by Nico Hischier.
11:32 of 2nd period - Goal by Nico Hischier - Columbus Blue Jackets : 3 - Tampa Bay Lightning : 3.
11:33 of 2nd period - Nico Hischier wins face-off versus Tyler Motte in neutral zone.
12:14 of 2nd period - Brett Ritchie is hit by Victor Hedman and loses puck.
12:35 of 2nd period - Wrist shot by Jack Roslovic.
12:35 of 2nd period - Deflect By Patrik Laine.
12:35 of 2nd period - Stopped by Andrei Vasilevskiy without a rebound.
12:36 of 2nd period - Anthony Cirelli wins face-off versus Nico Hischier in Tampa Bay Lightning zone.
12:38 of 2nd period - Minor Penalty to Philippe Myers for Delaying the game.
12:39 of 2nd period - Nico Hischier wins face-off versus Steven Stamkos in Tampa Bay Lightning zone.
12:39 of 2nd period - Slapshot by Johnny Gaudreau.
12:39 of 2nd period - Deflect By Nico Hischier.
12:39 of 2nd period - Stopped by Andrei Vasilevskiy with a rebound.
12:41 of 2nd period - Snap shot by Andrew Peeke.
12:41 of 2nd period - Shot Misses the Net.
12:43 of 2nd period - Slapshot by Andrew Peeke.
12:43 of 2nd period - Shot Blocked by Victor Hedman.
13:05 of 2nd period - Nick Leddy is hit by Mikhail Sergachev and loses puck.
13:16 of 2nd period - Wrist shot by Boone Jenner.
13:16 of 2nd period - Shot Misses the Net.
14:38 of 2nd period - Penalty to Philippe Myers is over, Philippe Myers is back on ice.
14:44 of 2nd period - Rasmus Andersson is hit by Philippe Myers and loses puck.
14:54 of 2nd period - Off-side.
14:55 of 2nd period - Sean Kuraly wins face-off versus Brayden Point in neutral zone.
15:09 of 2nd period - Off-side.
15:10 of 2nd period - Nico Hischier wins face-off versus Tyler Motte in neutral zone.
15:15 of 2nd period - Johnny Gaudreau is hit by Tanner Jeannot and loses puck.
15:20 of 2nd period - Snap shot by Steven Stamkos.
15:20 of 2nd period - Shot Misses the Net.
15:22 of 2nd period - Wrist shot by Philippe Myers.
15:22 of 2nd period - Stopped by Vitek Vanecek with a rebound.
15:24 of 2nd period - Snap shot by Steven Stamkos.
15:24 of 2nd period - Shot Misses the Net.
15:26 of 2nd period - Snap shot by Steven Stamkos.
15:26 of 2nd period - Stopped by Vitek Vanecek with a rebound.
15:56 of 2nd period - Snap shot by Conor Sheary.
15:56 of 2nd period - Shot Misses the Net.
15:58 of 2nd period - Snap shot by Anthony Cirelli.
15:58 of 2nd period - Shot Hit the Post.
16:00 of 2nd period - Snap shot by Anthony Cirelli.
16:00 of 2nd period - Stopped by Vitek Vanecek without a rebound.
16:01 of 2nd period - Boone Jenner wins face-off versus Anthony Cirelli in Columbus Blue Jackets zone.
16:06 of 2nd period - Mikhail Sergachev is hit by Boone Jenner and loses puck.
16:27 of 2nd period - Mikhail Sergachev is hit by Jack Roslovic and loses puck.
16:32 of 2nd period - Slapshot by Patrik Laine.
16:32 of 2nd period - Shot Blocked by Victor Hedman.
16:52 of 2nd period - Wrist shot by Conor Sheary.
16:52 of 2nd period - Shot Blocked by Jack Roslovic.
16:54 of 2nd period - Slapshot by Victor Hedman.
16:54 of 2nd period - Deflect By Anthony Cirelli.
16:54 of 2nd period - Shot Misses the Net.
16:54 of 2nd period - Puck is out of play.
16:55 of 2nd period - Steven Stamkos wins face-off versus Boone Jenner in Columbus Blue Jackets zone.
16:58 of 2nd period - Wrist shot by Steven Stamkos.
16:58 of 2nd period - Stopped by Vitek Vanecek without a rebound.
16:59 of 2nd period - Boone Jenner wins face-off versus Steven Stamkos in Columbus Blue Jackets zone.
17:04 of 2nd period - Snap shot by Rasmus Andersson.
17:04 of 2nd period - Stopped by Andrei Vasilevskiy without a rebound.
17:05 of 2nd period - Nikita Kucherov wins face-off versus Boone Jenner in Tampa Bay Lightning zone.
17:38 of 2nd period - Snap shot by Jesper Bratt.
17:38 of 2nd period - Stopped by Andrei Vasilevskiy without a rebound.
17:39 of 2nd period - Nico Hischier wins face-off versus Brayden Point in Tampa Bay Lightning zone.
18:02 of 2nd period - Minor Penalty to Victor Hedman for High sticking.
18:03 of 2nd period - Nico Hischier wins face-off versus Steven Stamkos in Tampa Bay Lightning zone.
19:10 of 2nd period - Slapshot by Rasmus Andersson.
19:10 of 2nd period - Deflect By Brett Ritchie.
19:10 of 2nd period - Shot Misses the Net.
19:10 of 2nd period - Puck is out of play.
19:11 of 2nd period - Steven Stamkos wins face-off versus Nico Hischier in Tampa Bay Lightning zone.
Goals for this period are 2 for Columbus Blue Jackets vs 1 for Tampa Bay Lightning.
Shots for this period are 8 for Columbus Blue Jackets vs 15 for Tampa Bay Lightning.

3rd period


0:01 of 3rd period - Nico Hischier wins face-off versus Steven Stamkos in neutral zone.
0:02 of 3rd period - Penalty to Victor Hedman is over, Victor Hedman is back on ice.
0:54 of 3rd period - Backhand shot by Mikhail Sergachev.
0:54 of 3rd period - Deflect By Conor Sheary.
0:54 of 3rd period - Stopped by Vitek Vanecek with a rebound.
1:22 of 3rd period - Slapshot by Mikhail Sergachev.
1:22 of 3rd period - Stopped by Vitek Vanecek with a rebound.
2:09 of 3rd period - Nico Hischier is hit by Nikita Kucherov and loses puck.
2:30 of 3rd period - Wrist shot by Boone Jenner.
2:30 of 3rd period - Shot Blocked by Erik Cernak.
2:48 of 3rd period - Snap shot by Conor Sheary.
2:48 of 3rd period - Stopped by Vitek Vanecek with a rebound.
5:31 of 3rd period - Calvin De-Haan is hit by Emil Bemstrom and loses puck.
5:38 of 3rd period - Brayden Point is hit by Johnny Gaudreau.
8:50 of 3rd period - Wrist shot by Jack Roslovic.
8:50 of 3rd period - Stopped by Andrei Vasilevskiy with a rebound.
9:38 of 3rd period - Mikhail Sergachev is hit by Jack Roslovic and loses puck.
9:57 of 3rd period - Icing by Philippe Myers.
9:58 of 3rd period - Brett Ritchie wins face-off versus Steven Stamkos in Tampa Bay Lightning zone.
10:10 of 3rd period - Icing by Boone Jenner.
10:11 of 3rd period - Anthony Cirelli wins face-off versus Boone Jenner in Columbus Blue Jackets zone.
10:12 of 3rd period - Wrist shot by Conor Sheary.
10:12 of 3rd period - Goal by Conor Sheary - Columbus Blue Jackets : 3 - Tampa Bay Lightning : 4.
10:13 of 3rd period - Steven Stamkos wins face-off versus Nico Hischier in neutral zone.
10:30 of 3rd period - Brandon Hagel is hit by Johnny Gaudreau and loses puck.
10:45 of 3rd period - Snap shot by Jack Roslovic.
10:45 of 3rd period - Stopped by Andrei Vasilevskiy without a rebound.
10:46 of 3rd period - Boone Jenner wins face-off versus Brayden Point in Tampa Bay Lightning zone.
10:49 of 3rd period - Wrist shot by Boone Jenner.
10:49 of 3rd period - Stopped by Andrei Vasilevskiy without a rebound.
10:50 of 3rd period - Brayden Point wins face-off versus Boone Jenner in Tampa Bay Lightning zone.
10:52 of 3rd period - Minor Penalty to Tanner Jeannot for High sticking.
10:53 of 3rd period - Steven Stamkos wins face-off versus Nico Hischier in Tampa Bay Lightning zone.
11:07 of 3rd period - Snap shot by Johnny Gaudreau.
11:07 of 3rd period - Stopped by Andrei Vasilevskiy without a rebound.
11:08 of 3rd period - Steven Stamkos wins face-off versus Nico Hischier in Tampa Bay Lightning zone.
12:07 of 3rd period - Minor Penalty to Steven Stamkos for Tripping.
12:08 of 3rd period - Nico Hischier wins face-off versus Michael Eyssimont in Tampa Bay Lightning zone.
12:37 of 3rd period - Slapshot by Rasmus Andersson.
12:37 of 3rd period - Shot Misses the Net.
12:39 of 3rd period - Snap shot by Brett Ritchie.
12:39 of 3rd period - Stopped by Andrei Vasilevskiy without a rebound.
12:40 of 3rd period - Jesper Bratt wins face-off versus Anthony Cirelli in Tampa Bay Lightning zone.
12:45 of 3rd period - Slapshot by Rasmus Andersson.
12:45 of 3rd period - Stopped by Andrei Vasilevskiy with a rebound.
12:47 of 3rd period - Snap shot by Jonas Siegenthaler.
12:47 of 3rd period - Stopped by Andrei Vasilevskiy with a rebound.
12:49 of 3rd period - Snap shot by Brett Ritchie.
12:49 of 3rd period - Deflect By Boone Jenner.
12:49 of 3rd period - Stopped by Andrei Vasilevskiy with a rebound.
12:52 of 3rd period - Penalty to Tanner Jeannot is over, Tanner Jeannot is back on ice.
12:53 of 3rd period - Slapshot by Rasmus Andersson.
12:53 of 3rd period - Shot Misses the Net.
13:17 of 3rd period - Slapshot by Rasmus Andersson.
13:17 of 3rd period - Goal by Rasmus Andersson - Columbus Blue Jackets : 4 - Tampa Bay Lightning : 4.
13:18 of 3rd period - Steven Stamkos wins face-off versus Johnny Gaudreau in neutral zone.
13:29 of 3rd period - Slapshot by Steven Stamkos.
13:29 of 3rd period - Shot Misses the Net.
13:31 of 3rd period - Slapshot by Victor Hedman.
13:31 of 3rd period - Shot Blocked by Emil Bemstrom.
13:33 of 3rd period - Slapshot by Mikhail Sergachev.
13:33 of 3rd period - Shot Blocked by Jonas Siegenthaler.
14:11 of 3rd period - Minor Penalty to Victor Hedman for Holding.
14:12 of 3rd period - Nico Hischier wins face-off versus Steven Stamkos in Tampa Bay Lightning zone.
14:55 of 3rd period - Snap shot by Brayden Point.
14:55 of 3rd period - Shot Blocked by Jesper Bratt.
15:31 of 3rd period - Nikita Kucherov is hit by Nick Leddy and loses puck.
16:11 of 3rd period - Penalty to Victor Hedman is over, Victor Hedman is back on ice.
16:27 of 3rd period - Zach Werenski is hit by Victor Hedman and loses puck.
16:35 of 3rd period - Icing by Jack Roslovic.
16:36 of 3rd period - Boone Jenner wins face-off versus Anthony Cirelli in Columbus Blue Jackets zone.
16:49 of 3rd period - Wrist shot by Jack Roslovic.
16:49 of 3rd period - Shot Misses the Net.
16:51 of 3rd period - Slapshot by Patrik Laine.
16:51 of 3rd period - Shot Misses the Net.
17:17 of 3rd period - Snap shot by Nikita Kucherov.
17:17 of 3rd period - Shot Misses the Net.
17:25 of 3rd period - Wrist shot by Nikita Kucherov.
17:25 of 3rd period - Stopped by Vitek Vanecek with a rebound.
17:31 of 3rd period - Minor Penalty to Rasmus Andersson for Hooking.
17:32 of 3rd period - Nico Hischier wins face-off versus Brandon Hagel in Columbus Blue Jackets zone.
17:32 of 3rd period - Nico Hischier is hit by Steven Stamkos.
19:09 of 3rd period - Victor Hedman is hit by Boone Jenner and loses puck.
19:31 of 3rd period - Penalty to Rasmus Andersson is over, Rasmus Andersson is back on ice.
Goals for this period are 1 for Columbus Blue Jackets vs 1 for Tampa Bay Lightning.
Shots for this period are 9 for Columbus Blue Jackets vs 5 for Tampa Bay Lightning.

Overtime #1


0:01 of 1st overtime period - Nico Hischier wins face-off versus Steven Stamkos in neutral zone.
0:12 of 1st overtime period - Snap shot by Johnny Gaudreau.
0:12 of 1st overtime period - Shot Misses the Net.
0:35 of 1st overtime period - Wrist shot by Jesper Bratt.
0:35 of 1st overtime period - Deflect By Nikita Kucherov.
0:35 of 1st overtime period - Stopped by Andrei Vasilevskiy without a rebound.
0:36 of 1st overtime period - Steven Stamkos wins face-off versus Nico Hischier in Tampa Bay Lightning zone.
0:45 of 1st overtime period - Wrist shot by Nikita Kucherov.
0:45 of 1st overtime period - Shot Misses the Net.
0:47 of 1st overtime period - Snap shot by Nikita Kucherov.
0:47 of 1st overtime period - Deflect By Steven Stamkos.
0:47 of 1st overtime period - Shot Misses the Net.
0:47 of 1st overtime period - Puck is out of play.
0:48 of 1st overtime period - Nico Hischier wins face-off versus Steven Stamkos in Columbus Blue Jackets zone.
0:55 of 1st overtime period - Snap shot by Johnny Gaudreau.
0:55 of 1st overtime period - Shot Blocked by Mikhail Sergachev.
0:57 of 1st overtime period - Wrist shot by Nico Hischier.
0:57 of 1st overtime period - Stopped by Andrei Vasilevskiy without a rebound.
0:58 of 1st overtime period - Nico Hischier wins face-off versus Steven Stamkos in Tampa Bay Lightning zone.
1:33 of 1st overtime period - Snap shot by Johnny Gaudreau.
1:33 of 1st overtime period - Stopped by Andrei Vasilevskiy with a rebound.
1:35 of 1st overtime period - Wrist shot by Johnny Gaudreau.
1:35 of 1st overtime period - Goal by Johnny Gaudreau - Columbus Blue Jackets : 5 - Tampa Bay Lightning : 4.
Goals for this period are 1 for Columbus Blue Jackets vs 0 for Tampa Bay Lightning.
Shots for this period are 4 for Columbus Blue Jackets vs 0 for Tampa Bay Lightning.